 Dungeon Crawl Stone Soup version 0.29.1-2-gbd0b4ee654 (webtiles) character file.

Game seed: 6917461048944324508

20622 kyanize the Bludgeoner (level 12, -1/112 HPs)
             Began as a Minotaur Berserker on Nov 12, 2022.
             Was a High Priest of Trog.
             Splashed by a goliath frog's acid (7 damage)
             ... summoned by a worldbinder
             ... on level 1 of the Abyss on Nov 13, 2022.
             The game lasted 00:41:31 (9500 turns).

kyanize the Bludgeoner (Minotaur Berserker)         Turns: 9500, Time: 00:41:32

Health: -1/112     AC: 24    Str: 40    XL:     12   Next: 47%
Magic:  11/11      EV:  5    Int:  4    God:    Trog [*****.]
Gold:   605        SH:  7    Dex:  9    Spells: 11/11 levels left

rFire   . . .      SeeInvis +   g - +10 mace of Offence {vorpal, rPois SInv}
rCold   . . .      Faith    .   T - +0 kite shield
rNeg    . . .      Spirit   .   c - +1 plate armour
rPois   +          Reflect  .   Y - +1 hat
rElec   .          Harm     .   k - +2 cloak {Will+}
rCorr   .          Rampage  .   d - +0 pair of gloves
Will    +....                   q - +0 pair of boots
Stlth   ..........              (no amulet)
HPRegen 0.00/turn               W - +6 ring of strength
MPRegen 0.12/turn               V - +6 ring of strength

@: about to teleport, sick, constricted
A: horns 2, retaliatory headbutt, mutation resistance 1, subdued magic 1
a: Renounce Religion, Berserk, Trog's Hand, Brothers in Arms


You were on level 1 of the Abyss.
You worshipped Trog.
Trog was extremely pleased with you.
You visited 2 branches of the dungeon, and saw 11 of its levels.
You visited the Abyss 1 time.

You collected 663 gold pieces.
You spent 58 gold pieces at shops.

Inventory:

Hand Weapons
 a - a +0 falchion of draining
 g - the +10 mace of Offence (weapon) {vorpal, rPois SInv}
   (You found it on level 2 of the Dungeon)

   It inflicts extra damage upon your enemies.
   rPois:     It protects you from poison.
   SInv:      It lets you see invisible.
 l - the +4 rapier of the Ring {protect, Fly rPois Str+6 Int+3}
   (You found it on level 3 of the Dungeon)

   It grants its wielder temporary protection when it strikes (+7 to AC).
   Str:       It affects your strength (+6).
   Int:       It affects your intelligence (+3).
   rPois:     It protects you from poison.
   Fly:       It grants you flight.
 r - a +4 quarterstaff of chaos
 t - the +1 spear "Soiv" {drain, SInv}
   (You found it on level 5 of the Dungeon)

   A truly terrible weapon, it drains the life of any living foe it strikes.
   SInv:      It lets you see invisible.
 u - a +1 battleaxe
 w - a +2 mace
 x - a +5 mace of protection
 A - a +3 short sword
 D - a +2 scimitar of flaming
 F - a +1 vampiric short sword
 H - a +1 dagger of venom
 I - a +2 great sword of holy wrath
 J - a +0 war axe
 N - a +5 dire flail of flaming
 O - a +3 halberd
 P - a +3 long sword
 Q - a +1 hand axe
 R - a +0 shortbow
 S - a +1 morningstar of venom
 X - a +0 scimitar of flaming
 Z - a +4 great sword
Missiles
 e - 92 stones (quivered)
 h - 13 poisoned darts
 n - 3 boomerangs
Armour
 c - a +1 plate armour (worn)
 d - a +0 pair of gloves (worn)
 k - a +2 cloak of willpower (worn)
 q - a +0 pair of boots (worn)
 v - a +1 leather armour of fire resistance
 B - a +3 ring mail
 C - +0 steam dragon scales
 K - a +1 leather armour of positive energy
 T - a +0 kite shield (worn)
 Y - a +1 hat (worn)
Magical Staves
 o - a staff of fire
Jewellery
 M - a +4 ring of evasion
 V - a +6 ring of strength (right hand)
 W - a +6 ring of strength (left hand)
Wands
 G - a wand of light (14)
 L - a wand of flame (13)
 U - a wand of polymorph (5)
Scrolls
 f - a scroll of torment {unknown}
 i - 2 scrolls of blinking
 j - 5 scrolls of teleportation
 m - 4 scrolls of identify
 s - 2 scrolls of amnesia
 y - 3 scrolls of vulnerability
Potions
 b - 10 potions of curing
 p - a potion of might
 z - a potion of lignification
 E - 2 potions of flight


   Skills:
 + Level 12.2 Fighting
 + Level 6.7 Long Blades
 + Level 15.8 Maces & Flails
 + Level 13.4 Armour
 + Level 3.5 Dodging
 + Level 1.6 Stealth
 + Level 2.6 Shields


You had 11 spell levels left.
You didn't know any spells.
Your spell library contained the following spells:

 Spells                   Type           Power      Damage    Failure   Level
 Magic Dart               Conj           0%         1d3       100%        1
 Blink                    Tloc           0%         N/A       100%        2
 Call Imp                 Summ           0%         N/A       100%        2
 Dazzling Flash           Conj/Hex       0%         N/A       100%        3
 Lesser Beckoning         Tloc           0%         N/A       100%        3
 Mephitic Cloud           Conj/Pois/Air  0%         N/A       100%        3
 Iskenderun's Mystic Bla  Conj/Tloc      0%         2d3       100%        4
 Manifold Assault         Tloc           0%         N/A       100%        5
 Starburst                Conj/Fire      0%         6d3       100%        6


Dungeon Overview and Level Annotations

Branches:
Dungeon (10/15)            Temple (1/1) D:4            Lair (0/5) D:10
    Orc: D:9-12

Altars:
Ashenzari
Cheibriados
Dithmenos
Elyvilon
Fedhas
Gozag
Hepliaklqana
Kikubaaqudgha
Makhleb
Nemelex Xobeh
Okawaru
Qazlal
Ru
Sif Muna
Trog
Uskayaw
Vehumet
Wu Jian
Xom
Yredelemnul
Zin
The Shining One

Shops:
D:4 *

Annotations:
D:10 Sonja


Innate Abilities, Weirdness & Mutations

You have a pair of horns on your head.
You reflexively headbutt those who attack you in melee.
You are somewhat resistant to further mutation.
Your spells are a little easier to cast, but a little less powerful.


Message History

The worldbinder is moderately damaged.
The substance of the Abyss twists violently, and a gateway leading out appears!
The worldbinder calls forth creatures from the Swamp!
The starspawn tentacle grabs you. The starspawn tentacle constricts you.
As you read the scroll of teleportation, it crumbles to dust.
You feel strangely unstable.
You feel the power of the Abyss delaying your translocation!
The worldbinder hits you but does no damage. x2
The starspawn tentacle loses its grip on you.
The tentacle pulls you backwards! You block the goliath frog's attack.
You sock the wretched star!
The wretched star is heavily damaged.
The goliath frog hits you but does no damage.
The iron imp hits you but does no damage.
You hit the wretched star. You headbutt the wretched star!
The wretched star is severely damaged.
A tentacle flies out from the starspawn's body!
The goliath frog hits you.
You are splashed with acid!
* * * LOW HITPOINT WARNING * * *
A starspawn tentacle comes into view.
You hit the wretched star. Your headbutt misses the wretched star.
The wretched star is severely damaged.
The iron imp closely misses you.
You block the starspawn tentacle's attack.
You block the goliath frog's attack.
You bludgeon the wretched star!!
You destroy the wretched star!
Trog accepts your kill. The starspawn tentacle grabs you.
The starspawn tentacle constricts you. The goliath frog hits you!
* * * LOW HITPOINT WARNING * * *
You are splashed with acid!
* * * LOW HITPOINT WARNING * * *
You feel better. The starspawn tentacle constricts you.
You block the worldbinder's attack.
The worldbinder hits you but does no damage.
The goliath frog hits you!
* * * LOW HITPOINT WARNING * * *
You are splashed with acid!
You die...

#. #.# .. #
#.W ## . #
#..###w##..#
#.# #..#F@Xw.#
#...#.#5nx#..#
.######
#.....## .# #.
.#####..#k# ..
# #
#.#.##......#.
) #.#.#.## ##.
. . .#...# #.
.. .#.. . . ##
. #.#.#.# # #


You could see a tentacled starspawn, a goliath frog (summoned), a worldbinder, a
bog body (summoned), 2 starspawn tentacles and an iron imp.

Vanquished Creatures
  A bone dragon (Abyss:1)
  Gastronok (D:10)
  A juggernaut skeleton (Abyss:1)
  Erolcha (D:9)
  Erica (D:10)
  A centaur warrior (D:8)
  3 two-headed ogres
  A wretched star (Abyss:1)
  4 starcursed masses (Abyss:1)
  A large abomination (Abyss:1)
  A deep elf pyromancer (D:8)
  A manticore (D:8)
  An ugly thing (D:8)
  A kobold demonologist (D:5)
  An efreet (Abyss:1)
  3 ancient zymes (Abyss:1)
  3 hornets
  A slime creature (D:8)
  Sigmund (D:2)
  A shadow (D:8)
  2 small abominations (Abyss:1)
  2 wraiths (D:8)
  A vampire (D:5)
  2 ynoxinuls (Abyss:1)
  A wyvern (D:10)
  13 yaks
  2 steam dragons (D:7)
  Menkaure (D:7)
  An acid dragon (D:7)
  4 water moccasins
  Duvessa (D:7)
  An orc warrior (D:9)
  2 ice beasts
  2 sky beasts
  2 black bears
  An ogre (D:5)
  5 centaurs
  2 phantoms
  8 bullfrogs
  2 gnoll sergeants
  10 wights
  Dowan (D:7)
  4 jellies
  14 killer bees
  3 howler monkeys
  5 hounds
  Crazy Yiuf (D:4)
  6 orc priests
  A quasit (Abyss:1)
  3 iguanas
  An iron imp (Abyss:1)
  6 orc wizards
  13 gnolls
  6 adders
  A shadow imp (D:6)
  6 white imps
  5 ufetubi
  3 worms
  35 orcs
  6 ball pythons
  8 bats
  6 endoplasms
  4 giant cockroaches
  2 goblins (D:1)
  4 hobgoblins
  4 jackals (D:1)
  6 kobolds
  4 quokkas
  4 frilled lizards
  6 rats
262 creatures vanquished.

Vanquished Creatures (others)
  A freezing wraith (Abyss:1)
  A jelly (Abyss:1)
  A starspawn tentacle (Abyss:1)
3 creatures vanquished.

Grand Total: 265 creatures vanquished

Notes
Turn   | Place    | Note
-------+----------+-------------------------------------------
     0 | D:1      | kyanize the Minotaur Berserker began the quest for the Orb.
     0 | D:1      | Reached XP level 1. HP: 19/19 MP: 0/0
   138 | D:1      | Found a faded altar of an unknown god.
   151 | D:1      | Reached XP level 2. HP: 23/27 MP: 1/1
   530 | D:1      | Reached XP level 3. HP: 33/33 MP: 2/2
   646 | D:2      | Reached ** piety under Trog
   934 | D:2      | Identified the +10 mace of Offence {vorpal, rPois SInv}
  1237 | D:2      | Reached XP level 4. HP: 41/41 MP: 3/3
  1239 | D:2      | Noticed Sigmund
  1246 | D:2      | Killed Sigmund
  1247 | D:2      | Reached XP level 5. HP: 47/47 MP: 4/4
  1299 | D:2      | Gained mutation: You are somewhat resistant to further
                  | mutation. [potion of mutation]
  1299 | D:2      | Gained mutation: Your spells are a little easier to cast,
                  | but a little less powerful. [potion of mutation]
  1651 | D:3      | Reached skill level 1 in Maces & Flails
  1653 | D:3      | Reached XP level 6. HP: 55/55 MP: 5/5
  1744 | D:3      | Found a sacrificial altar of Ru.
  1836 | D:3      | Identified the +4 rapier of the Ring {protect, Fly rPois
                  | Str+6 Int+3}
  2134 | D:3      | Found an ancient bone altar of Kikubaaqudgha.
  2154 | D:3      | Reached skill level 5 in Fighting
  2406 | D:4      | Found a staircase to the Ecumenical Temple.
  2446 | D:4      | Noticed a water moccasin
  2453 | D:4      | Killed a water moccasin
  2454 | D:4      | Reached skill level 2 in Maces & Flails
  2520 | D:4      | Found a sand-covered staircase.
  2530 | D:4      | Reached *** piety under Trog
  2663 | D:4      | Found Jucyun's General Store.
  2668 | D:4      | Bought a +0 pair of boots for 58 gold pieces
  2913 | D:4      | Found a bloodstained altar of Trog.
  2985 | D:4      | Found a runed translucent door.
  2986 | D:4      | Noticed Crazy Yiuf
  2992 | D:4      | Killed Crazy Yiuf
  2993 | D:4      | Reached skill level 3 in Maces & Flails
  3155 | Temple   | Entered the Ecumenical Temple
  3234 | D:5      | Entered Level 5 of the Dungeon
  3251 | D:5      | Reached XP level 7. HP: 56/61 MP: 6/6
  3332 | D:5      | Noticed a vampire
  3343 | D:5      | Killed a vampire
  3344 | D:5      | Reached skill level 4 in Maces & Flails
  3347 | D:5      | Reached skill level 5 in Armour
  3429 | D:5      | Noticed a kobold demonologist
  3435 | D:5      | Noticed a sixfirhy
  3437 | D:5      | Killed a kobold demonologist
  3438 | D:5      | Reached skill level 6 in Maces & Flails
  3466 | D:5      | Reached XP level 8. HP: 45/70 MP: 7/7
  3636 | D:5      | Found an iron altar of Okawaru.
  3734 | D:5      | Identified the +1 spear "Soiv" {drain, SInv}
  3853 | D:5      | Found a shadowy altar of Dithmenos.
  3998 | D:5      | Reached skill level 7 in Maces & Flails
  4594 | D:6      | Reached skill level 8 in Maces & Flails
  4897 | D:6      | Reached **** piety under Trog
  4990 | D:6      | Reached XP level 9. HP: 75/79 MP: 8/8
  5117 | D:6      | Reached skill level 9 in Maces & Flails
  5277 | D:7      | Noticed Duvessa
  5277 | D:7      | Noticed Dowan
  5283 | D:7      | Killed Duvessa
  5286 | D:7      | Killed Dowan
  5330 | D:7      | Noticed Menkaure
  5334 | D:7      | Killed Menkaure
  5339 | D:7      | Reached skill level 10 in Maces & Flails
  5411 | D:7      | Found a hide-covered altar of Uskayaw.
  5776 | D:7      | Reached skill level 11 in Maces & Flails
  5776 | D:7      | Reached skill level 1 in Stealth
  6252 | D:8      | Reached XP level 10. HP: 88/88 MP: 9/9
  6418 | D:8      | Reached ***** piety under Trog
  6419 | D:8      | Reached skill level 12 in Maces & Flails
  6453 | D:8      | Noticed a brown ugly thing
  6454 | D:8      | Noticed a manticore
  6457 | D:8      | Noticed a two-headed ogre
  6460 | D:8      | Killed a brown ugly thing
  6460 | D:8      | Killed a manticore
  6460 | D:8      | Killed a two-headed ogre
  6461 | D:8      | Reached skill level 13 in Maces & Flails
  6498 | D:8      | Noticed a two-headed ogre
  6502 | D:8      | Killed a two-headed ogre
  6647 | D:8      | Noticed a deep elf pyromancer
  6648 | D:8      | Noticed a centaur warrior
  6653 | D:8      | Killed a deep elf pyromancer
  6662 | D:8      | Killed a centaur warrior
  6663 | D:8      | Reached skill level 14 in Maces & Flails
  6663 | D:8      | Reached skill level 10 in Armour
  6663 | D:8      | Reached XP level 11. HP: 58/97 MP: 10/10
  6968 | D:8      | Received a gift from Trog
  7443 | D:8      | Found a snail-covered altar of Cheibriados.
  7444 | D:8      | Found an ornate altar of the Wu Jian Council.
  7650 | D:9      | Noticed Erolcha
  7668 | D:9      | Killed Erolcha
  7681 | D:9      | Reached skill level 10 in Fighting
  8334 | D:10     | Entered Level 10 of the Dungeon
  8384 | D:10     | Noticed a two-headed ogre
  8397 | D:10     | Killed a two-headed ogre
  8486 | D:10     | Reached skill level 15 in Maces & Flails
  8500 | D:10     | Noticed Erica
  8509 | D:10     | Killed Erica
  8643 | D:10     | Noticed Gastronok
  8658 | D:10     | Killed Gastronok
  8806 | D:10     | Noticed Sonja
  8816 | Abyss:1  | Cast into level 1 of the Abyss (Sonja)
  8967 | Abyss:1  | Noticed a bone dragon
  8992 | Abyss:1  | Killed a bone dragon
  8993 | Abyss:1  | Reached skill level 1 in Shields
  8993 | Abyss:1  | Reached XP level 12. HP: 43/110 MP: 11/11
  9458 | Abyss:1  | Noticed a starcursed mass
  9472 | Abyss:1  | Killed a starcursed mass
  9490 | Abyss:1  | Noticed a tentacled starspawn
  9499 | Abyss:1  | HP: 5/112 [acid[a worldbinder] (8)]
  9500 | Abyss:1  | Splashed by a goliath frog's acid

Illustrated notes

Levels and vault maps discovered:
D:1:      saegor_arrival_simple_e, layout_rooms, basic_ecumenical_altar,
          minmay_misc_feat_chi, hangedman_decor_growths, minmay_pentomino_s2
D:2:      layout_basic, minmay_split_cup_large, uniq_sigmund
D:3:      layout_basic, nicolae_ru_sacrificial_ziggurat, general_overflow_altar
D:4:      layout_cave_pools, pf_just_have_faith, minmay_temple_entry_mist,
          serial_shops, nicolae_shop_hallway_stairs,
          nicolae_ossuary_entry_ruins, uniq_crazy_yiuf_cottage
D:5:      layout_basic, mainiacjoe_overflow_cross_hatched,
          okawaru_metal_pillars_1_2
D:6:      layout_rooms, kennysheep_another_room, serial_bayou_pond_d,
          minmay_crystal_water, kennysheep_flooded_box
D:7:      layout_loops_cross, nicolae_uskayaw_dance_hall, uniq_menkaure,
          uniq_duvessa
D:8:      hangedman_cross_veins, layout_basic, nicolae_overflow_hidden_temple
D:9:      layout_loops_ring, uniq_erolcha
D:10:     layout_loops_corners, lair_entry_dummy, uniq_gastronok, uniq_sonja,
          uniq_erica
Temple:   nicolae_temple_ecumenical_triangle
Abyss:1:  base:
D:1

Skill      XL: |  1  2  3  4  5  6  7  8  9 10 11 12 |
---------------+-------------------------------------+-----
Long Blades    | 4 6 |  6.7
Fighting       | 4 5 7 8 9 11 12 | 12.2
Armour         | 3 4 5 7 8 10 12 13 | 13.4
Maces & Flails | 1 3 6 8 11 14 15 | 15.8
Stealth        | 1 |  1.6
Dodging        | 3 |  3.5
Shields        | 1 2 |  2.6

Action                   |  1- 3 |  4- 6 |  7- 9 | 10-12 || total
-------------------------+-------+-------+-------+-------++-------
Melee: Falchion          |    77 |       |       |       ||    77
       Headbutt          |     9 |     6 |    29 |    74 ||   118
       Mace              |    12 |    58 |   177 |   334 ||   581
       Punch             |       |       |     2 |     2 ||     4
Invok: Berserk           |       |       |     1 |     1 ||     2
  Use: Scroll            |     4 |     1 |     7 |     4 ||    16
       Potion            |     3 |     4 |     3 |     4 ||    14
Armor: Plate armour      |    71 |    27 |   116 |   137 ||   351
       Animal skin       |     1 |       |       |       ||     1
Dodge: Dodged            |    40 |    19 |    63 |   110 ||   232
Block: Kite shield       |       |       |       |    38 ||    38
